 Dungeon Crawl Stone Soup version 0.13.0-59-g13bd910 (webtiles) character file.

391 Chiseanne the Magician (level 6, 0/36 HPs)
             Began as a High Elf Earth Elementalist on Nov 22, 2013.
             Killed from afar by a white imp (8 damage)
             ... with a puff of frost
             ... summoned by Eustachio
             ... on Level 4 of the Dungeon.
             The game lasted 00:22:09 (5062 turns).

Chiseanne the Magician (HEEE)                       Turns: 5062, Time: 00:22:09

HP   0/36        AC  5     Str  9      XL: 6   Next: 24%
MP   1/18        EV 12     Int 19      God:
Gold 65          SH  0     Dex 16 (18) Spells:  5 memorised,  0 levels left

Res.Fire  : . . .   See Invis. : .   m - +0,+1 dwarf hand axe
Res.Cold  : . . .   Warding    : .   o - +0 leather armour "Coraq" {Dex+1 Int+1}
Life Prot.: . . .   Conserve   : .   (no shield)
Res.Poison: .       Res.Corr.  : .   c - +0 helmet
Res.Elec. : .       Clarity    : .   j - +0 cloak
Sust.Abil.: . .     Spirit.Shd : .   (no gloves)
Res.Mut.  : .       Stasis     : .   (no boots)
Res.Rott. : .       Flight     : .   l - amulet of rage
Saprovore : . . .                    (no ring)
                                     (no ring)

@: very slightly contaminated, slightly resistant to hostile enchantments,
fairly stealthy
A: no striking features
a: Evoke Berserk Rage


You were on level 4 of the Dungeon.
You were hungry.

You visited 1 branch of the dungeon, and saw 4 of its levels.

You collected 316 gold pieces.
You spent 271 gold pieces at shops.

Inventory:

Hand weapons
 f - a +1,+1 orcish vampiric hand axe
 m - a +0,+1 dwarven hand axe (weapon)
Missiles
 b - 20 stones (quivered)
Armour
 c - a +0 helmet (worn)
 j - a +0 cloak (worn)
 o - the +0 leather armour "Coraq" (worn) {Dex+1 Int+1}
   (You bought it in a shop on level 4 of the Dungeon)

   It affects your intelligence (+1).
   It affects your dexterity (+1).
Comestibles
 a - 3 bread rations
Scrolls
 g - 4 scrolls of identify
 i - 2 scrolls of amnesia
 k - a scroll of random uselessness {unknown}
 n - a scroll of curse jewellery {unknown}
 p - 3 scrolls of teleportation {unknown}
 q - a scroll of recharging {unknown}
 r - a scroll of noise {unknown}
 t - a scroll of curse armour {unknown}
Jewellery
 l - an amulet of rage (around neck)
Potions
 e - a potion of brilliance
 h - a potion of curing
Books
 d - a book of Geomancy

   Spells                             Type                      Level
   *Sandblast                         Earth                        1
   *Stoneskin                         Transmutation/Earth          2
   *Passwall                          Transmutation/Earth          3
   *Stone Arrow                       Conjuration/Earth            3
   *Petrify                           Transmutation/Earth          4
   Lee's Rapid Deconstruction         Earth                        5


   Skills:
 - Level 1.0 Fighting
 + Level 0.8 Armour
 * Level 3.6 Dodging
 - Level 2.1 Stealth
 * Level 4.3 Spellcasting
 - Level 1.1 Transmutations
 * Level 3.9 Earth Magic


You couldn't memorise any spells.
You knew the following spells:

 Your Spells              Type           Power        Failure   Level  Hunger
a - Sandblast             Erth           ###...       2%          1    None
b - Stone Arrow           Conj/Erth      ##....       17%         3    ###....
c - Stoneskin             Trmt/Erth      ##........   10%         2    #......
d - Passwall              Trmt/Erth      ##........   14%         3    ###....
e - Petrify               Trmt/Erth      ##......     50%         4    ####...


Dungeon Overview and Level Annotations

Branches:
Dungeon (4/27)
 Temple: D:4-7

Altars:

Shops:
D:4 **[%

Annotations:
D:2 exclusions: door and 1 more exclusion, Sigmund
D:4 Eustachio


Message History

The lemure hits you but does no damage. The lemure closely misses you.
You hit the lemure.
The lemure is lightly wounded.
You hit the white imp.
The white imp is heavily wounded.
You hit Eustachio but do no damage.
Eustachio is almost dead.
The white imp misses you. The lemure hits you.
The lemure hits you but does no damage. The lemure barely misses you.
Eustachio hits you with a falchion!
* * * LOW HITPOINT WARNING * * *
You barely miss the lemure. You hit the white imp.
The white imp is heavily wounded.
You closely miss Eustachio.
Eustachio is almost dead.
The lemure hits you but does no damage. The lemure closely misses you.
The lemure barely misses you. The white imp gestures at you.
The puff of frost hits you!
You die...

,**,...r.##* #.# #.# #....###.##
,****#.##* #.# #.# #....# #.# ,*
*.* ###.####.# #....# #.# ,* *,*
#.....##.# #....# #%#
,*****.#####.....##.###....###.##
,,,,,,.......................))..
,*****.#####<...5##.###.##.......
,* ***,** #...55##.# #.##)#.##..
,**,,,,,####..g@@##.# #.##.##.#.#
,**,,,,,.........##.# #.##.#,##.#
,**,,,,........####.###<#..##.#.#
,,,,,,,..............%..........#
.,,,,,,........######.........###
.**,,,,.............#......####
.####**#............#......#
....,,,.............#......#
....,,..............######%#


You could see Eustachio, an iron imp, a white imp, a lemure and a goblin.

Vanquished Creatures
  A hound (D:4)
  An orc priest (D:3)
  2 iguanas (D:4)
  An ogre skeleton (D:4)
  Terence (D:3)
  7 adders
  3 gnolls (D:2)
  2 giant geckos (D:3)
  2 oozes
  7 orcs
  2 bat skeletons (D:4)
  3 giant cockroaches
  14 hobgoblins
  8 kobolds
  3 quokkas (D:3)
  A ball python (D:3)
  14 bats
  3 giant newts
  8 goblins
  7 rats
90 creatures vanquished.

Notes
Turn   | Place    | Note
--------------------------------------------------------------
     0 | D:1      | Chiseanne, the High Elf Earth Elementalist, began the quest for the Orb.
     0 | D:1      | Reached XP level 1. HP: 11/11 MP: 4/4
   176 | D:1      | Reached XP level 2. HP: 13/17 MP: 3/5
   662 | D:1      | Reached skill level 3 in Earth Magic
  1291 | D:2      | Reached XP level 3. HP: 9/21 MP: 0/8
  1667 | D:2      | Noticed Sigmund
  1748 | D:2      | Reached skill level 1 in Fighting
  2088 | D:2      | Reached XP level 4. HP: 27/27 MP: 11/11
  2093 | D:2      | Learned a level 3 spell: Stone Arrow
  2457 | D:3      | Learned a level 2 spell: Stoneskin
  3025 | D:3      | Reached XP level 5. HP: 28/31 MP: 2/13
  3169 | D:3      | Learned a level 3 spell: Passwall
  3377 | D:3      | Noticed Terence
  3403 | D:3      | Killed Terence
  4156 | D:4      | Found Lentut's Armour Shop.
  4260 | D:4      | Found Vasen's General Store.
  4329 | D:4      | Bought the +0 leather armour "Coraq" {Dex+1 Int+1} for 232 gold pieces
  4347 | D:4      | Bought a +0 helmet for 39 gold pieces
  4554 | D:4      | Reached skill level 4 in Spellcasting
  4554 | D:4      | Reached XP level 6. HP: 32/36 MP: 2/18
  4758 | D:4      | Learned a level 4 spell: Petrify
  4801 | D:4      | Found Saitueshi's Food Shop.
  4954 | D:4      | Found Blacar's General Store.
  4994 | D:4      | Noticed Eustachio
  5062 | D:4      | Killed from afar by a white imp

Action                   |  1- 3 |  4- 6 || total
-------------------------+-------+-------++-------
Melee: Short sword       |    15 |       ||    15
       Hand axe          |    58 |   112 ||   170
 Cast: Sandblast         |    36 |    69 ||   105
       Stone Arrow       |       |    31 ||    31
       Stoneskin         |       |     3 ||     3
  Use: Potion            |       |     6 ||     6
       Scroll            |       |     4 ||     4
 Stab: Sleeping          |     2 |       ||     2
